 Dungeon Crawl Stone Soup version 0.27.1-33-g824d729ab1 (webtiles) character file.

Game seed: 17940063756782819724

1096 pkoi the Martial Artist (level 8, -4/63 HPs)
             Began as a Black Draconian Monk on Dec 16, 2021.
             Slain by a wyvern (16 damage)
             ... on level 4 of the Dungeon.
             The game lasted 00:05:44 (6090 turns).

pkoi the Martial Artist (Black Draconian Monk)      Turns: 6090, Time: 00:05:45

Health: -4/63      AC:  8    Str: 13    XL:     8   Next: 10%
Magic:  8/8        EV: 12    Int: 13    God:
Gold:   183        SH:  0    Dex: 14    Spells: 7/7 levels left

rFire    . . .     SeeInvis .     - Unarmed
rCold    . . .     Faith    .   (no shield)
rNeg     . . .     Spirit   .   (armour unavailable)
rPois    .         Reflect  .   (helmet restricted)
rElec    +         Harm     .   a - +0 cloak
rCorr    .         Rampage  .   (no gloves)
Will     .....                  e - +0 pair of boots
Stlth    ++........             (no amulet)
HPRegen  0.20/turn              (no ring)
MPRegen  0.11/turn              (no ring)

@: short of breath
A: breathe lightning, AC +6, unfitting armour, electricity resistance,
cold-blooded
a: Breathe Lightning


You were on level 4 of the Dungeon.
You visited 1 branch of the dungeon, and saw 5 of its levels.

You collected 183 gold pieces.

Inventory:

Missiles
 b - a throwing net (quivered)
Armour
 a - a +0 cloak (worn)
 e - a +0 pair of boots (worn)
Wands
 m - a wand of flame (28)
Scrolls
 d - a scroll of holy word {unknown}
 f - a scroll of acquirement {unknown}
 g - 2 scrolls of enchant weapon {unknown}
 h - a scroll of immolation {unknown}
 k - 2 scrolls of identify {unknown}
 n - a scroll of teleportation {unknown}
 o - a scroll of amnesia {unknown}
Potions
 c - a potion of curing
 i - a potion of lignification {unknown}
 j - 2 potions of haste {unknown}
 l - a potion of flight {unknown}


   Skills:
 - Level 3.2 Fighting
 - Level 2.6 Dodging
 - Level 1.7 Stealth
 + Level 10.0 Unarmed Combat


You had 7 spell levels left.
You didn't know any spells.
Your spell library was empty.

Dungeon Overview and Level Annotations

Branches:
Dungeon (5/15)
 Temple: D:4-7

Altars:

Shops:
D:2 :


Innate Abilities, Weirdness & Mutations

You can breathe wild blasts of lightning.
Your glossy black scales are hard. (AC +6)
You cannot fit into any form of body armour.
You are resistant to electric shocks. (rElec)
You are cold-blooded and may be slowed by cold attacks.


Message History

You are too injured to fight recklessly!
You are too injured to fight recklessly!
You are too injured to fight recklessly!
You are too injured to fight recklessly!
You are too injured to fight recklessly!
You are too injured to fight recklessly!
You are too injured to fight recklessly!
You breathe a wild blast of lightning!
The orb of electricity explodes!
The orb of electricity engulfs you! You resist.
* * * LOW HITPOINT WARNING * * *
The orb of electricity explodes!
The orb of electricity engulfs you. You resist.
* * * LOW HITPOINT WARNING * * *
The orb of electricity engulfs the hound!
The hound is severely wounded.
The orb of electricity engulfs the wyvern!
The wyvern is moderately wounded.
You hear a shout! x6
The wyvern bites you!
* * * LOW HITPOINT WARNING * * *
The hound bites you.
* * * LOW HITPOINT WARNING * * *
A necrophage comes into view.
Unknown command.
Unknown command.
Unknown command.
Unknown command.
Unknown command.
The wyvern closely misses you. The hound closely misses you.
The teleport trap disappears.
The hound disappears!
The wyvern completely misses you.
There is a stone staircase leading up here.
The wyvern bites you but does no damage.
You climb upwards.
There is a stone staircase leading down here.
Your library has no spells.
You hit the wyvern.
The wyvern is heavily wounded.
The wyvern misses you. The wyvern bites you!
You die...

#.#)# #..
#.#.# ##.#
#.#.## #...
#.#..# #...
#.##.## #...
#.##..# #...
#..##.# #...
##.##l######
#...
#..@..#...##
#...
##.........##
####
#...........#
#...........#
#...........#
##.....<...##
##...#...##
#########


You could see a wyvern.

Vanquished Creatures
  Menkaure (D:4)
  A hornet zombie (D:4)
  2 ogres
  3 scorpions (D:4)
  A hound (D:4)
  A jelly (D:4)
  2 orc priests (D:4)
  3 iguanas
  Ijyb (D:4)
  Natasha (thrice) (D:4)
  A hound zombie (D:4)
  7 adders
  4 gnolls
  An adder skeleton (D:4)
  2 worms (D:3)
  An orc (D:4)
  7 ball pythons
  6 endoplasms
  4 giant cockroaches
  9 goblins
  13 hobgoblins
  11 jackals
  8 quokkas
  8 bats
  6 frilled lizards
  6 kobolds
  11 rats
123 creatures vanquished.

Notes
Turn   | Place    | Note
-------+----------+-------------------------------------------
     0 | D:1      | pkoi the Draconian Monk began the quest for the Orb.
     0 | D:1      | Reached XP level 1. HP: 19/19 MP: 1/1
   172 | D:1      | Reached XP level 2. HP: 23/26 MP: 2/2
   271 | D:1      | Found a faded altar of an unknown god.
   458 | D:1      | Reached skill level 4 in Unarmed Combat
   793 | D:1      | Reached XP level 3. HP: 30/31 MP: 3/3
  1243 | D:2      | Found Diobba Curi's Book Shop.
  1337 | D:2      | Reached XP level 4. HP: 38/38 MP: 4/4
  1396 | D:2      | Reached skill level 5 in Unarmed Combat
  2580 | D:4      | Noticed Natasha
  2588 | D:4      | Killed Natasha
  2589 | D:4      | Reached XP level 5. HP: 22/45 MP: 5/5
  2920 | D:4      | Reached skill level 6 in Unarmed Combat
  3481 | D:4      | Reached skill level 7 in Unarmed Combat
  3481 | D:4      | Reached XP level 6. HP: 25/51 MP: 6/6
  4107 | D:4      | Noticed Natasha
  4162 | D:4      | Reached skill level 8 in Unarmed Combat
  4317 | D:3      | Your scales start taking on a glossy black colour.
  4317 | D:3      | Reached XP level 7. HP: 57/57 MP: 7/7
  4317 | D:3      | Gained mutation: You are resistant to electric shocks.
                  | (rElec) [Black Draconian growth]
  4325 | D:4      | Killed Natasha
  4666 | D:4      | Noticed Natasha
  4677 | D:4      | Killed Natasha
  4682 | D:4      | Noticed Menkaure
  4744 | D:3      | Reached skill level 9 in Unarmed Combat
  4987 | D:4      | Noticed Ijyb
  4991 | D:4      | Killed Menkaure
  5034 | D:4      | Killed Ijyb
  5289 | D:4      | Reached XP level 8. HP: 17/63 MP: 8/8
  5754 | D:4      | Reached skill level 10 in Unarmed Combat
  6076 | D:5      | Entered Level 5 of the Dungeon
  6090 | D:4      | Slain by a wyvern

Illustrated notes

Levels and vault maps discovered:
D:1:      onia_arrival_mini_spirals, layout_basic,
          shapermc_ecumenical_altar_mp_highgroup
D:2:      layout_rooms, serial_shops, shop
D:3:      layout_loops_ring
D:4:      cheibrodos_barr_body, layout_rooms, uniq_natasha, uniq_ijyb,
          uniq_menkaure
D:5:      lemuel_ratsnest, layout_loops_ring,
          minmay_temple_entry_enclosed_plants, minmay_ruined_shrine

Skill      XL: |  1  2  3  4  5  6  7  8 |
---------------+-------------------------+-----
Unarmed Combat | 4 5 7 8 9 10 | 10.0
Fighting       | |  3.2
Dodging        | |  2.6
Stealth        | |  1.7

Action                   |  1- 3 |  4- 6 |  7- 9 || total
-------------------------+-------+-------+-------++-------
Melee: Unarmed           |   132 |   218 |   139 ||   489
       Tailslap          |     7 |    24 |    17 ||    48
       Punch             |     3 |     6 |     6 ||    15
 Abil: Breathe Lightning |       |       |     4 ||     4
  Use: Potion            |       |     1 |       ||     1
 Stab: Sleeping          |     3 |     5 |     1 ||     9
Armor: Skin              |    49 |    59 |    42 ||   150
Dodge: Dodged            |    79 |   116 |    86 ||   281
